[Event "FIDE WCCC Girls-10 2024"]
[Site "Montesilvano"]
[Date "2024.11.18"]
[Round "3.1"]
[White "Berikkyzy Alanna"]
[Black "Mohamed Ahmed, Ghidaa"]
[Result "1-0"]
[ECO "C41"]
[WhiteElo "2043"]
[BlackElo "1638"]
[PlyCount "83"]
[EventDate "2024.11.18"]
[EventType "swiss"]
[EventCountry "ITA"]
[TimeControl "5400+30"]

1. e4 e5 2. Nf3 d6 3. d4 exd4 4. Qxd4 Nf6 5. Nc3 Be7 6. Bf4 a6 7. O-O-O O-O 8. h3 b5 9. g4 Nc6 10. Qe3 Nd7 11. h4 Nb6 12. g5 b4 13. Nd5 Nxd5 14. exd5 Na7 15. h5 Bg4 16. Be2 Bxf3 17. Bxf3 a5 18. g6 h6 19. Kb1 Bg5 20. Bxg5 Qxg5 21. Qd3 f6 22. Rhg1 Qh4 23. Rg3 Qh2 24. Qd4 Nb5 25. Qd2 Qh4 26. Qd3 Na7 27. Bg4 f5 28. Bxf5 Qxh5 29. Be6+ Kh8 30. f3 Qe5 31. Rh3 Qg5 32. Rdh1 Rfe8 33. Rh5 Qf4 34. Rf5 Qg3 35. Rf7 Rxe6 36. dxe6 Qg2 37. Rd1 Nc6 38. Qa6 Qxg6 39. Qxa8+ Kh7 40. Qxc6 Qxe6 41. Qxc7 Qe5 42. f4 1-0

[Event "FIDE WCCC Girls-10 2024"]
[Site "Montesilvano"]
[Date "2024.11.18"]
[Round "3.2"]
[White "Sholpanbek, Zhansaya"]
[Black "Yunker, Alisa Genrietta"]
[Result "1-0"]
[ECO "B11"]
[WhiteElo "1657"]
[BlackElo "1872"]
[PlyCount "175"]
[EventDate "2024.11.18"]
[EventType "swiss"]
[EventCountry "ITA"]
[TimeControl "5400+30"]

1. e4 c6 2. Nf3 d5 3. Nc3 dxe4 4. Nxe4 Nf6 5. Nxf6+ exf6 6. Bc4 Bd6 7. Qe2+ Qe7 8. Qxe7+ Kxe7 9. O-O Be6 10. Re1 Kd7 11. Bf1 c5 12. d4 Nc6 13. Be3 cxd4 14. Nxd4 Nxd4 15. Bxd4 Kc7 16. a4 Rhd8 17. Rad1 b6 18. Be2 Bc5 19. Bxc5 bxc5 20. b3 Rd4 21. Rxd4 cxd4 22. Bd3 Rd8 23. Kf1 Kd6 24. Ke2 Kc5 25. Kd2 h6 26. f4 Rd5 27. Be4 Rd6 28. f5 Bc8 29. Bd3 Rd5 30. Re7 Rd7 31. Re8 Bb7 32. g3 Kd6 33. Rg8 Ke5 34. Rxg7 Be4 35. Rh7 Bxf5 36. Rxh6 Bg4 37. h3 Bf3 38. h4 Rd8 39. Rh7 Rg8 40. Rxf7 Rxg3 41. Rxa7 Rg1 42. Re7+ Kf4 43. Re1 Rg2+ 44. Be2 f5 45. a5 Kg3 46. h5 Bxh5 47. a6 Bf3 48. a7 Ba8 49. Rf1 f4 50. Ke1 Rh2 51. Rf3+ Bxf3 52. Bxf3 Kxf3 53. a8=Q+ Kg4 54. Qe4 Kg3 55. Qxd4 Rh1+ 56. Kd2 f3 57. Qe5+ Kg2 58. Qg5+ Kf2 59. b4 Rh2 60. Kd3 Rh3 61. Ke4 Rg3 62. Qf4 Kg2 63. Ke3 Rg8 64. Qxf3+ Kg1 65. Qd1+ Kh2 66. Qd6+ Kg1 67. Kf3 Kh1 68. Qh6+ Kg1 69. Qc1+ Kh2 70. Qf4+ Kh1 71. Qh6+ Kg1 72. b5 Rg2 73. Qh4 Rxc2 74. Qe1+ Kh2 75. Qf2+ Rxf2+ 76. Kxf2 Kh3 77. b6 Kg4 78. b7 Kf5 79. b8=Q Ke4 80. Qb3 Kd4 81. Ke2 Ke4 82. Qc4+ Kf5 83. Qd4 Kg5 84. Qe4 Kh5 85. Qg2 Kh4 86. Kf3 Kh5 87. Qg7 Kh4 88. Qh6# 1-0

[Event "FIDE WCCC Girls-10 2024"]
[Site "Montesilvano"]
[Date "2024.11.18"]
[Round "3.3"]
[White "Yang, Aimee"]
[Black "Ahmadli, Mehriban"]
[Result "1-0"]
[ECO "E60"]
[WhiteElo "1864"]
[BlackElo "1624"]
[PlyCount "120"]
[EventDate "2024.11.18"]
[EventType "swiss"]
[EventCountry "ITA"]
[TimeControl "5400+30"]

1. d4 Nf6 2. c4 g6 3. g3 Bg7 4. Bg2 d6 5. Nc3 O-O 6. Nf3 Nbd7 7. O-O e6 8. e4 e5 9. Re1 Re8 10. b3 a6 11. Bb2 Rb8 12. Qd2 h5 13. Rad1 b6 14. Qc2 Bb7 15. dxe5 dxe5 16. Nd5 c6 17. Nxf6+ Bxf6 18. Bh3 Bc8 19. Rd6 Be7 20. Rd3 Bf6 21. Red1 Rb7 22. Qd2 Re7 23. Rd6 Qc7 24. Qc1 Bg7 25. Qg5 Nf8 26. Bxc8 f6 27. Rxf6 Bxf6 28. Qxf6 Qxc8 29. Bxe5 Rxe5 30. Nxe5 Qe6 31. Qxe6+ Nxe6 32. Nxc6 Rc7 33. Ne5 Nc5 34. f3 g5 35. Rd6 b5 36. cxb5 axb5 37. Rc6 Rxc6 38. Nxc6 Kf7 39. Kf2 Ke8 40. Ke3 Kd7 41. Nd4 b4 42. Nc2 Na6 43. Kd4 h4 44. f4 gxf4 45. gxf4 Nc7 46. Nxb4 Ne6+ 47. Ke3 Ng7 48. f5 Nh5 49. e5 Ke7 50. Nd5+ Kf7 51. a4 Ng7 52. Ke4 h3 53. a5 Nh5 54. a6 Ng3+ 55. Kf3 Nxf5 56. a7 Nd4+ 57. Ke4 Nxb3 58. a8=Q Nc5+ 59. Ke3 Ke6 60. Nf4+ Kxe5 1-0

[Event "FIDE WCCC Girls-10 2024"]
[Site "Montesilvano"]
[Date "2024.11.18"]
[Round "3.4"]
[White "Nandinjiguur, Chinzorig"]
[Black "Pooja Shree R"]
[Result "1-0"]
[ECO "E91"]
[WhiteElo "1807"]
[BlackElo "1615"]
[PlyCount "117"]
[EventDate "2024.11.18"]
[EventType "swiss"]
[EventCountry "ITA"]
[TimeControl "5400+30"]

1. d4 Nf6 2. c4 g6 3. Nc3 Bg7 4. e4 d6 5. Nf3 O-O 6. Be2 Re8 7. O-O e5 8. d5 a5 9. Qc2 Na6 10. a3 h6 11. Be3 Bd7 12. Rfb1 a4 13. Nd2 Nc5 14. b4 axb3 15. Nxb3 Nxb3 16. Rxb3 b6 17. a4 Ng4 18. Bxg4 Bxg4 19. Qd2 Kh7 20. Nb5 f5 21. f3 Bh5 22. a5 f4 23. Bf2 g5 24. Qe1 g4 25. fxg4 Bxg4 26. axb6 Rxa1 27. Qxa1 cxb6 28. Qa6 Bd1 29. Rh3 f3 30. Rg3 Be2 31. Qxb6 Qf6 32. Qxd6 Ra8 33. h3 Ra1+ 34. Kh2 fxg2 35. Qxf6 Bxf6 36. Kxg2 Bxc4 37. Nd6 Bf1+ 38. Kf3 Bh4 39. Rg1 Bg5 40. Nc4 Rc1 41. Ne3 Bxe3 42. Bxe3 Rb1 43. Kf2 Bd3 44. Rxb1 Bxb1 45. d6 Bxe4 46. d7 Kg6 47. d8=Q Bf5 48. Qd6+ Kf7 49. Qxh6 e4 50. Qf4 Ke6 51. h4 Bh7 52. Qh6+ Kd5 53. Qxh7 Ke5 54. Qc7+ Ke6 55. Qc4+ Ke7 56. Qxe4+ Kf7 57. Bd4 Kg8 58. Qg6+ Kf8 59. Bc5# 1-0

[Event "FIDE WCCC Girls-10 2024"]
[Site "Montesilvano"]
[Date "2024.11.18"]
[Round "3.5"]
[White "Peng, Jingyi(Gd)"]
[Black "Xin, Lisa J."]
[Result "1-0"]
[ECO "D13"]
[WhiteElo "1720"]
[BlackElo "1602"]
[PlyCount "43"]
[EventDate "2024.11.18"]
[EventType "swiss"]
[EventCountry "ITA"]
[TimeControl "5400+30"]

1. Nf3 d5 2. c4 c6 3. cxd5 cxd5 4. d4 Nc6 5. Bf4 Bf5 6. Nc3 Nf6 7. e3 a6 8. Bd3 Bxd3 9. Qxd3 Nb4 10. Qd1 Rc8 11. O-O Nc6 12. Ne5 Nxe5 13. dxe5 Ne4 14. Nxe4 dxe4 15. Qb3 b5 16. e6 f6 17. Rfd1 Qb6 18. Qd5 Rd8 19. Qxe4 g5 20. Rxd8+ Kxd8 21. Qa8+ Qb8 22. Qxb8# 1-0

[Event "FIDE WCCC Girls-10 2024"]
[Site "Montesilvano"]
[Date "2024.11.18"]
[Round "3.6"]
[White "Artemenko, Isabella"]
[Black "Anistoroaei, Maria"]
[Result "1/2-1/2"]
[ECO "B25"]
[WhiteElo "1637"]
[BlackElo "1715"]
[PlyCount "181"]
[EventDate "2024.11.18"]
[EventType "swiss"]
[EventCountry "ITA"]
[TimeControl "5400+30"]

1. e4 c5 2. Nc3 Nc6 3. g3 g6 4. Bg2 Bg7 5. d3 d6 6. f4 e6 7. Nf3 Nge7 8. O-O O-O 9. Be3 Nd4 10. e5 dxe5 11. Nxe5 Rb8 12. g4 b5 13. Ne2 Bb7 14. Bxb7 Rxb7 15. c3 Nxe2+ 16. Qxe2 Qd5 17. d4 cxd4 18. Bxd4 b4 19. Rfd1 Qa5 20. cxb4 Qxb4 21. a3 Qa4 22. b4 Rc7 23. Nf3 Bxd4+ 24. Nxd4 Nc6 25. Nf3 Qb3 26. Rdb1 Qc3 27. Rc1 Nd4 28. Nxd4 Qxd4+ 29. Qf2 Qxf2+ 30. Kxf2 Rfc8 31. Re1 Rc2+ 32. Kg1 R8c4 33. Rf1 Re2 34. Rac1 Rxc1 35. Rxc1 Re3 36. a4 Re4 37. Rc8+ Kg7 38. Rc7 Rxb4 39. Rxa7 Rxf4 40. h3 Kf6 41. a5 Ke5 42. Rd7 Kf6 43. a6 Ra4 44. a7 e5 45. Kf2 Ra3 46. h4 Ke6 47. Rb7 h6 48. Ke2 h5 49. g5 e4 50. Rb6+ Kf5 51. Rf6+ Kg4 52. Rxf7 Kxh4 53. Re7 Kxg5 54. Rxe4 Rxa7 55. Kf3 Ra3+ 56. Kg2 Ra5 57. Kg3 Rf5 58. Rb4 h4+ 59. Kh3 Rf3+ 60. Kg2 Rf4 61. Rb5+ Kg4 62. Rb6 g5 63. Rb5 Rd4 64. Rb2 h3+ 65. Kh2 Kh4 66. Rc2 g4 67. Rc1 Rd2+ 68. Kh1 Rf2 69. Kg1 Kg3 70. Rc3+ Rf3 71. Rc1 Re3 72. Ra1 Rf3 73. Rc1 Rd3 74. Ra1 Kf3 75. Rb1 Ke2 76. Kh2 Ke3 77. Kg3 Rd4 78. Ra1 Ke2 79. Ra2+ Rd2 80. Ra1 Rd1 81. Ra2+ Rd2 82. Ra1 Rd4 83. Ra2+ Ke1 84. Ra1+ Rd1 85. Ra2 Rd2 86. Ra1+ Rd1 87. Ra2 Kf1 88. Kxg4 Rd3 89. Rh2 Kg1 90. Rxh3 Rxh3 91. Kxh3 1/2-1/2

[Event "FIDE WCCC Girls-10 2024"]
[Site "Montesilvano"]
[Date "2024.11.18"]
[Round "3.7"]
[White "Filippova, Milana"]
[Black "Wang, Mi Ya Mia"]
[Result "1-0"]
[ECO "B31"]
[WhiteElo "1687"]
[BlackElo "1552"]
[PlyCount "123"]
[EventDate "2024.11.18"]
[EventType "swiss"]
[EventCountry "ITA"]
[TimeControl "5400+30"]

1. e4 c5 2. Nf3 Nc6 3. Bb5 g6 4. Bxc6 dxc6 5. d3 Bg7 6. a4 e5 7. a5 Qc7 8. Nbd2 Nf6 9. Nc4 Nd7 10. O-O O-O 11. Be3 Re8 12. Qc1 Qb8 13. Bh6 Nf8 14. Bxg7 Kxg7 15. Qe3 Nd7 16. Nfd2 b6 17. axb6 axb6 18. Rxa8 Qxa8 19. f4 Qb8 20. fxe5 Nxe5 21. Qf4 Qc7 22. Nxe5 Rxe5 23. Nc4 Re7 24. Qxc7 Rxc7 25. Nxb6 Be6 26. b3 Ra7 27. Na4 c4 28. Nc5 cxb3 29. cxb3 Ra2 30. Rb1 Kf6 31. b4 Ke5 32. b5 cxb5 33. Nxe6 fxe6 34. Rxb5+ Kd4 35. Rb6 e5 36. Rd6+ Ke3 37. h3 Rd2 38. Rd5 Rxd3 39. Rxe5 Rd4 40. Re7 Rxe4 41. Rxh7 Kf4 42. Rh4+ Kf5 43. Rxe4 Kxe4 44. Kf2 Kf4 45. g3+ Kf5 46. Ke3 Kg5 47. Ke4 Kf6 48. h4 Ke6 49. Kf4 Kf6 50. Kg4 Kf7 51. Kg5 Kg7 52. g4 Kh7 53. Kf6 Kh6 54. g5+ Kh7 55. Kf7 Kh8 56. Kxg6 Kg8 57. h5 Kh8 58. Kf7 Kh7 59. g6+ Kh8 60. g7+ Kh7 61. g8=Q+ Kh6 62. Qg6# 1-0

[Event "FIDE WCCC Girls-10 2024"]
[Site "Montesilvano"]
[Date "2024.11.18"]
[Round "3.8"]
[White "Wang, Yi Xuan"]
[Black "Li, Grace"]
[Result "1-0"]
[ECO "E14"]
[WhiteElo "1668"]
[BlackElo "1529"]
[PlyCount "93"]
[EventDate "2024.11.18"]
[EventType "swiss"]
[EventCountry "ITA"]
[TimeControl "5400+30"]

1. d4 Nf6 2. c4 e6 3. Nf3 b6 4. a3 Bb7 5. Nc3 c5 6. d5 exd5 7. cxd5 d6 8. e4 Nbd7 9. Bd3 Be7 10. O-O O-O 11. h3 a6 12. a4 Ne5 13. Bb1 Nfd7 14. Nxe5 Nxe5 15. Qc2 Bf6 16. f4 Ng6 17. Re1 Bd4+ 18. Kh2 Re8 19. g3 Bxc3 20. Qxc3 Qd7 21. b4 cxb4 22. Qxb4 Qc7 23. Ba3 Rac8 24. Rc1 Qd7 25. Bd3 Rxc1 26. Rxc1 Rc8 27. Rxc8+ Bxc8 28. Bf1 Qc7 29. Qxd6 Qxd6 30. Bxd6 Bd7 31. Bxa6 Bxa4 32. Bc7 b5 33. Ba5 Kf8 34. d6 Ke8 35. Bc8 Nf8 36. e5 h6 37. f5 Bc2 38. g4 Bb3 39. Kg3 Nd7 40. Bxd7+ Kxd7 41. Kf4 Bd5 42. h4 f6 43. Bb4 Bc4 44. e6+ Ke8 45. d7+ Kd8 46. Ba5+ Ke7 47. d8=Q# 1-0

[Event "FIDE WCCC Girls-10 2024"]
[Site "Montesilvano"]
[Date "2024.11.18"]
[Round "3.9"]
[White "Malcheva, Niya"]
[Black "Cetin, Beren"]
[Result "0-1"]
[ECO "B56"]
[WhiteElo "1620"]
[BlackElo "1658"]
[PlyCount "96"]
[EventDate "2024.11.18"]
[EventType "swiss"]
[EventCountry "ITA"]
[TimeControl "5400+30"]

1. e4 c5 2. Nf3 Nc6 3. d4 cxd4 4. Nxd4 Nf6 5. Nc3 d6 6. Nd5 Nxd5 7. exd5 Qa5+ 8. Bd2 Qxd5 9. Nb5 Qe6+ 10. Be2 Qd7 11. c4 a6 12. Nc3 e6 13. Be3 Be7 14. Na4 Bd8 15. Nb6 Bxb6 16. Bxb6 Ne5 17. O-O O-O 18. f4 Qc6 19. Qd4 Nd7 20. Ba5 e5 21. Qd2 Nc5 22. Rad1 b6 23. Bb4 Bb7 24. Bg4 f5 25. Bh3 a5 26. Ba3 Ne4 27. Qd5+ Qxd5 28. cxd5 Ba6 29. Rfe1 b5 30. b3 Nc3 31. Bxd6 Nxd1 32. Bxf8 Rxf8 33. Rxd1 e4 34. Kf2 g6 35. Ke3 Rd8 36. g4 Bc8 37. gxf5 gxf5 38. d6 Kf7 39. Rd5 Kf6 40. Kd4 Be6 41. Rxb5 Rxd6+ 42. Kc5 Rd5+ 43. Kc6 Rd3 44. Bf1 Bd7+ 45. Kc5 Bxb5 46. Kxb5 Rd2 47. Kc4 e3 48. Kc3 e2 0-1

[Event "FIDE WCCC Girls-10 2024"]
[Site "Montesilvano"]
[Date "2024.11.18"]
[Round "3.10"]
[White "Zhumambayeva Aliya"]
[Black "Tselmuun, Ider"]
[Result "0-1"]
[ECO "B30"]
[WhiteElo "1607"]
[BlackElo "1846"]
[PlyCount "96"]
[EventDate "2024.11.18"]
[EventType "swiss"]
[EventCountry "ITA"]
[TimeControl "5400+30"]

1. e4 c5 2. Nf3 Nc6 3. Bb5 Qc7 4. O-O a6 5. Bxc6 dxc6 6. d3 e5 7. Be3 f6 8. c3 Be6 9. Nbd2 g5 10. h3 h5 11. Nh2 O-O-O 12. Qe2 Qh7 13. Rfb1 Qd7 14. Nb3 Bxb3 15. axb3 Qxd3 16. Qf3 Qb5 17. b4 cxb4 18. c4 Qxc4 19. Bb6 Rd6 20. Rd1 Qe6 21. Rxd6 Bxd6 22. Qd3 Ne7 23. Rd1 Bc7 24. Bxc7 Kxc7 25. Nf1 Nc8 26. Ne3 Nd6 27. Nc2 Rd8 28. Nxb4 Qc4 29. Qxc4 Nxc4 30. Rxd8 Kxd8 31. Nd3 a5 32. Kf1 a4 33. Nc5 b5 34. Ke2 Nxb2 35. Kd2 Nc4+ 36. Kc3 Ke7 37. Nd3 Kd6 38. Nc1 c5 39. Nd3 Na5 40. Kc2 b4 41. Nc1 c4 42. Kb2 a3+ 43. Ka2 Kc5 44. g3 Kd4 45. f3 Ke3 46. f4 Kd2 47. Kb1 gxf4 48. gxf4 exf4 0-1

[Event "FIDE WCCC Girls-10 2024"]
[Site "Montesilvano"]
[Date "2024.11.18"]
[Round "3.11"]
[White "Bjerregaard Hagen, Frida"]
[Black "Nguyen Doan, Bao Anh Angelina"]
[Result "0-1"]
[ECO "D02"]
[WhiteElo "1815"]
[BlackElo "1628"]
[PlyCount "110"]
[EventDate "2024.11.18"]
[EventType "swiss"]
[EventCountry "ITA"]
[TimeControl "5400+30"]

1. d4 Nf6 2. Nf3 g6 3. c3 Bg7 4. Bf4 d5 5. e3 O-O 6. Be2 c6 7. O-O Qb6 8. Qb3 Bf5 9. Nbd2 Nbd7 10. Rac1 Qxb3 11. Nxb3 b5 12. Ne5 Nxe5 13. Bxe5 Nd7 14. Bxg7 Kxg7 15. Rfd1 a5 16. Nd2 a4 17. a3 g5 18. h3 Nb6 19. Nf3 f6 20. Bd3 Bxd3 21. Rxd3 Nc4 22. Rc2 h5 23. Nd2 f5 24. f4 Kf6 25. Nxc4 bxc4 26. Rdd2 Rg8 27. Kh2 Rab8 28. Re2 e6 29. Rcd2 Rb7 30. Rc2 Rbg7 31. Rf2 g4 32. Rfe2 gxh3 33. Kxh3 Rg3+ 34. Kh2 h4 35. Rcd2 Kg6 36. Rc2 Kh5 37. Rcd2 Kg4 38. Rc2 Rh8 39. Kh1 h3 40. gxh3+ Rgxh3+ 41. Rh2 Rxh2+ 42. Rxh2 Rxh2+ 43. Kxh2 Kf3 44. Kh3 Kxe3 45. Kg3 Ke4 46. Kg2 Kxf4 47. Kf2 Ke4 48. Ke2 f4 49. Kf2 f3 50. Kf1 Ke3 51. Ke1 f2+ 52. Kf1 Kf3 53. b3 axb3 54. a4 b2 55. a5 b1=Q# 0-1

[Event "FIDE WCCC Girls-10 2024"]
[Site "Montesilvano"]
[Date "2024.11.18"]
[Round "3.12"]
[White "Tran Hoang Bao An"]
[Black "Tykalova, Barbora"]
[Result "0-1"]
[ECO "D73"]
[WhiteElo "1714"]
[BlackElo "1596"]
[PlyCount "150"]
[EventDate "2024.11.18"]
[EventType "swiss"]
[EventCountry "ITA"]
[TimeControl "5400+30"]

1. d4 d5 2. c4 c6 3. Nf3 Nf6 4. g3 g6 5. Bg2 Bg7 6. O-O dxc4 7. Ne5 Ng4 8. Nf3 O-O 9. h3 Nf6 10. Na3 b5 11. Re1 Bf5 12. Nh4 Bd7 13. Nxb5 Nd5 14. Nc3 Nxc3 15. bxc3 Qa5 16. Qd2 e5 17. e3 Rd8 18. Bb2 Na6 19. a4 Rab8 20. Ba3 c5 21. Nf3 cxd4 22. exd4 exd4 23. Nxd4 Bxh3 24. Nc6 Rxd2 25. Nxa5 Bxg2 26. Kxg2 Bxc3 27. Nxc4 Rd4 28. Ne3 Bxa1 29. Rxa1 Rxa4 30. Nc2 Rc8 31. Ra2 Rxc2 32. Rxc2 Rxa3 33. Rc4 Kg7 34. g4 Ra5 35. f4 Nc5 36. Kg3 Ne6 37. Rb4 Ra3+ 38. Kh4 Rf3 39. Ra4 Nxf4 40. g5 Ne6 41. Rxa7 Rf5 42. Kg3 Nxg5 43. Ra4 h5 44. Rb4 Rf3+ 45. Kg2 Kf6 46. Rb6+ Ke5 47. Rb5+ Kf6 48. Rb6+ Kg7 49. Rb5 Rf5 50. Rb4 Ne6 51. Kg3 g5 52. Ra4 g4 53. Kh2 Rg5 54. Kg3 h4+ 55. Kg2 Kh6 56. Ra6 Kh5 57. Ra7 h3+ 58. Kg1 f5 59. Rh7+ Kg6 60. Ra7 g3 61. Ra6 Kf6 62. Rb6 h2+ 63. Kg2 f4 64. Rb1 f3+ 65. Kh1 f2 66. Kg2 Nf4+ 67. Kf3 g2 68. Rb6+ Ne6 69. Rb1 f1=Q+ 70. Ke3 Re5+ 71. Kd2 Qe2+ 72. Kc3 Rc5+ 73. Kb4 Qc4+ 74. Ka3 Qc3+ 75. Ka2 Ra5# 0-1

[Event "FIDE WCCC Girls-10 2024"]
[Site "Montesilvano"]
[Date "2024.11.18"]
[Round "3.13"]
[White "Mukhorina, Mariya Dm"]
[Black "Stoica, Melina-Theodora"]
[Result "1-0"]
[ECO "B13"]
[WhiteElo "1567"]
[BlackElo "1675"]
[PlyCount "117"]
[EventDate "2024.11.18"]
[EventType "swiss"]
[EventCountry "ITA"]
[TimeControl "5400+30"]

1. e4 c6 2. d4 d5 3. exd5 cxd5 4. Bd3 Nc6 5. c3 Qc7 6. Na3 a6 7. Nc2 Nf6 8. h3 e6 9. Nf3 Be7 10. Bg5 O-O 11. O-O Bd7 12. Qe2 Nh5 13. Bxe7 Nxe7 14. Qe5 Qxe5 15. Nxe5 Ba4 16. b3 Bc6 17. g3 Rac8 18. Rac1 Ng6 19. Bxg6 hxg6 20. a4 b5 21. Nb4 Bb7 22. Nd7 Rfd8 23. Nc5 Rc7 24. Nxb7 Rxb7 25. Nxa6 bxa4 26. bxa4 Ra7 27. Nc5 Nf6 28. Rb1 Nd7 29. Rb7 Rxb7 30. Nxb7 Ra8 31. Ra1 Ra7 32. Nd6 Ra6 33. Nb7 Ra7 34. Nc5 Nxc5 35. dxc5 Rc7 36. a5 Rxc5 37. a6 Rc8 38. a7 Ra8 39. f4 Kf8 40. Kf2 Ke7 41. Ke3 Kd8 42. Kd4 Kc7 43. Ke5 Kd7 44. Kd4 Kd6 45. g4 f6 46. Ra6+ Kc7 47. Rxe6 Rxa7 48. Re7+ Kb6 49. Rxa7 Kxa7 50. Kxd5 Kb7 51. Ke6 Kc6 52. Kf7 Kc5 53. Kxg7 Kc4 54. Kxg6 Kxc3 55. Kxf6 Kd4 56. g5 Ke4 57. g6 Kxf4 58. g7 Kf3 59. g8=Q 1-0

[Event "FIDE WCCC Girls-10 2024"]
[Site "Montesilvano"]
[Date "2024.11.18"]
[Round "3.14"]
[White "Norkulova, Malika"]
[Black "Trzcinska, Weronika"]
[Result "1-0"]
[ECO "A26"]
[WhiteElo "1480"]
[BlackElo "1653"]
[PlyCount "69"]
[EventDate "2024.11.18"]
[EventType "swiss"]
[EventCountry "ITA"]
[TimeControl "5400+30"]

1. c4 e5 2. Nc3 Nc6 3. g3 g6 4. Bg2 Bg7 5. e4 Nf6 6. Nge2 O-O 7. O-O d6 8. d3 Be6 9. a3 a5 10. b3 Qc8 11. Bb2 Bh3 12. Nd5 Bxg2 13. Kxg2 Nxd5 14. cxd5 Ne7 15. Rc1 c5 16. d4 exd4 17. Bxd4 Bxd4 18. Nxd4 Qd7 19. Nf3 f6 20. Qd2 Kg7 21. h3 Qb5 22. b4 axb4 23. axb4 cxb4 24. Nd4 Qb6 25. Ne6+ Kf7 26. Nxf8 Rxf8 27. Rb1 Qc5 28. Rxb4 b6 29. Rc1 Qa5 30. Rc7 Rc8 31. Rb7 Rc4 32. Qh6 Rxe4 33. Rxe4 Qxd5 34. Rbxe7+ Kg8 35. Qg7# 1-0

[Event "FIDE WCCC Girls-10 2024"]
[Site "Montesilvano"]
[Date "2024.11.18"]
[Round "3.15"]
[White "Abibulla, Inzhu"]
[Black "Jaksa, Ema"]
[Result "0-1"]
[ECO "C56"]
[WhiteElo "1499"]
[BlackElo "1635"]
[PlyCount "128"]
[EventDate "2024.11.18"]
[EventType "swiss"]
[EventCountry "ITA"]
[TimeControl "5400+30"]

1. e4 e5 2. Nf3 Nc6 3. Bc4 Nf6 4. d4 exd4 5. O-O Nxe4 6. Re1 d5 7. Bxd5 Qxd5 8. Nc3 Qd8 9. Nxe4 Be7 10. Bg5 O-O 11. Bxe7 Qxe7 12. Nxd4 Bd7 13. Nc3 Qd8 14. Nd5 Nxd4 15. Qxd4 Be6 16. Rad1 Bxd5 17. Qxd5 c6 18. Qd7 Qb6 19. Qd4 Qa5 20. Qc4 Rad8 21. h3 h6 22. a3 Qh5 23. Rxd8 Rxd8 24. Kh2 Qg6 25. Qf4 Kf8 26. Qc7 Qd6+ 27. Qxd6+ Rxd6 28. Re2 f6 29. Kg3 Kf7 30. Re3 Rd2 31. Rb3 b6 32. Rc3 c5 33. Kf3 Ke6 34. Ke3 Rd1 35. Rd3 Rb1 36. b3 Ra1 37. a4 Re1+ 38. Kd2 Re5 39. Re3 g5 40. g4 f5 41. f3 fxg4 42. hxg4 Rxe3 43. Kxe3 Ke5 44. c3 a6 45. c4 a5 46. Kd3 Kf4 47. Ke2 Kg3 48. Ke3 Kh3 49. Kd3 Kh2 50. Ke2 Kg2 51. Ke3 Kf1 52. f4 gxf4+ 53. Kxf4 Kf2 54. Ke4 Kg3 55. Kf5 Kf3 56. g5 hxg5 57. Kxg5 Ke3 58. Kf5 Kd3 59. Ke5 Kc3 60. Kd5 Kxb3 61. Kc6 Kxa4 62. Kxb6 Kb4 63. Ka6 a4 64. Kb6 a3 0-1

[Event "FIDE WCCC Girls-10 2024"]
[Site "Montesilvano"]
[Date "2024.11.18"]
[Round "3.17"]
[White "Ritinioti, Sofia"]
[Black "Rzadkowska, Lila"]
[Result "0-1"]
[ECO "D02"]
[WhiteElo "1534"]
[BlackElo "1765"]
[PlyCount "92"]
[EventDate "2024.11.18"]
[EventType "swiss"]
[EventCountry "ITA"]
[TimeControl "5400+30"]

1. d4 d5 2. Nf3 c5 3. Bf4 Nc6 4. e3 Nf6 5. Nbd2 g6 6. dxc5 Bg7 7. Be2 Nh5 8. c3 Nxf4 9. exf4 d4 10. cxd4 Nxd4 11. Bc4 O-O 12. Nxd4 Qxd4 13. Qc1 Bf5 14. O-O Qxf4 15. Nf3 Qxc1 16. Raxc1 Bxb2 17. Rce1 e6 18. Nh4 Rac8 19. Nxf5 gxf5 20. Rb1 Rxc5 21. Rxb2 Rxc4 22. Rxb7 Ra4 23. Ra1 Rd8 24. Rb2 Rd3 25. g3 Kg7 26. Kg2 Kg6 27. f4 f6 28. Kf2 e5 29. fxe5 fxe5 30. Re2 e4 31. Re3 Rxe3 32. Kxe3 Ra3+ 33. Ke2 Kg5 34. Kf2 h5 35. h3 h4 36. gxh4+ Kxh4 37. Kg2 f4 38. Kf2 f3 39. Ke1 e3 40. Kf1 Kxh3 41. Kg1 Kg3 42. Rb1 Rxa2 43. Kh1 Rh2+ 44. Kg1 f2+ 45. Kf1 Kf3 46. Rb2 Rh1# 0-1

[Event "FIDE WCCC Girls-10 2024"]
[Site "Montesilvano"]
[Date "2024.11.18"]
[Round "3.18"]
[White "Samhita Pungavanam"]
[Black "Kravchuk, Daria"]
[Result "1-0"]
[ECO "B22"]
[WhiteElo "1752"]
[BlackElo "1569"]
[PlyCount "73"]
[EventDate "2024.11.18"]
[EventType "swiss"]
[EventCountry "ITA"]
[TimeControl "5400+30"]

1. e4 c5 2. Nf3 Nc6 3. c3 Nf6 4. e5 Nd5 5. d4 cxd4 6. Bc4 Nb6 7. Bb3 d6 8. exd6 Qxd6 9. O-O g6 10. Ng5 e6 11. Qf3 Qe7 12. Ne4 f5 13. Ng5 Bg7 14. Re1 Ne5 15. Qg3 h6 16. Rxe5 hxg5 17. Re1 f4 18. Qd3 Rh6 19. cxd4 Bd7 20. d5 e5 21. Nc3 O-O-O 22. d6 Qf8 23. Nd5 Nxd5 24. Bxd5 Bc6 25. Bxc6 bxc6 26. Qa6+ Kb8 27. Be3 Rd7 28. Qxc6 Qxd6 29. Qb5+ Ka8 30. Rac1 Rh8 31. Bc5 Rb8 32. Qa4 Qe6 33. Red1 Rbd8 34. Rd6 Qg4 35. Qc6+ Kb8 36. Bxa7+ Kxa7 37. Qa6+ 1-0

[Event "FIDE WCCC Girls-10 2024"]
[Site "Montesilvano"]
[Date "2024.11.18"]
[Round "3.19"]
[White "Nguyen, Lam Vy Le"]
[Black "Saltkhutsishvili, Sara"]
[Result "0-1"]
[ECO "B11"]
[WhiteElo "1728"]
[BlackElo "1546"]
[PlyCount "106"]
[EventDate "2024.11.18"]
[EventType "swiss"]
[EventCountry "ITA"]
[TimeControl "5400+30"]

1. e4 c6 2. Nc3 d5 3. Nf3 Bg4 4. h3 Bxf3 5. Qxf3 d4 6. Ne2 e5 7. Ng3 Nf6 8. Bc4 g6 9. d3 Bb4+ 10. Ke2 Bf8 11. h4 h5 12. Bg5 Bg7 13. Rhe1 Nbd7 14. Rad1 O-O 15. Kf1 Qc7 16. a3 b5 17. Ba2 c5 18. Qe2 Nh7 19. Qd2 Qd6 20. Kg1 Nxg5 21. Qxg5 Qf6 22. Ne2 Kh7 23. f4 Qxg5 24. fxg5 Nb6 25. Rf1 c4 26. Rf3 f5 27. gxf6 Rxf6 28. Rxf6 Bxf6 29. g3 g5 30. Rf1 Kg6 31. dxc4 bxc4 32. hxg5 Bxg5 33. b3 d3 34. cxd3 cxd3 35. Nc3 Rc8 36. Nd1 Rc1 37. b4 d2 38. Bb3 Nc4 39. Kf2 Nxa3 40. Ke2 Rb1 41. Bf7+ Kh6 42. Rf5 Nb5 43. Rf1 Rxb4 44. Bd5 Rb1 45. Ba2 Rc1 46. Bf7 a5 47. Be8 Nd6 48. Ba4 Nxe4 49. Rf3 Nc5 50. Ra3 e4 51. Bb5 e3 52. Bc6 Ne6 53. Bf3 Nd4+ 0-1

[Event "FIDE WCCC Girls-10 2024"]
[Site "Montesilvano"]
[Date "2024.11.18"]
[Round "3.20"]
[White "Kocherha, Yelizavieta"]
[Black "Bakhshi, Rana"]
[Result "0-1"]
[ECO "B21"]
[WhiteElo "1523"]
[BlackElo "1727"]
[PlyCount "124"]
[EventDate "2024.11.18"]
[EventType "swiss"]
[EventCountry "ITA"]
[TimeControl "5400+30"]

1. e4 c5 2. Nf3 d6 3. d4 cxd4 4. c3 dxc3 5. Nxc3 Nc6 6. Bc4 e6 7. O-O Nf6 8. Qe2 Be7 9. Rd1 e5 10. Be3 O-O 11. Rac1 a6 12. Nd5 Nxd5 13. Bxd5 Bd7 14. h3 h6 15. Rc3 Kh7 16. Nd2 f5 17. exf5 Bxf5 18. Nc4 Qe8 19. Bxc6 bxc6 20. Nxd6 Bxd6 21. Rxd6 Rf6 22. Rxf6 gxf6 23. Qf3 Qg6 24. Rxc6 Rg8 25. Qg3 Qh5 26. Rc7+ Kh8 27. Bg5 Qxg5 28. Qf3 e4 29. Qg3 Qxg3 30. fxg3 Rxg3 31. Kf2 Rd3 32. Ke2 Rd7 33. Rc6 Kg7 34. Rxa6 Rb7 35. b3 Kg6 36. Ke3 Kg5 37. g4 Bh7 38. Ra5+ Kh4 39. Rh5+ Kg3 40. Rxh6 f5 41. gxf5 Bxf5 42. h4 Rc7 43. Rf6 Bh7 44. Rh6 Bf5 45. Rh5 Bg4 46. Re5 Bf3 47. h5 Rc3+ 48. Kd2 Rd3+ 49. Kc2 Kf4 50. Rc5 Rd6 51. Rc4 Bxh5 52. a4 Kf3 53. Rc5 Bg6 54. Re5 e3+ 55. Kc3 e2 56. b4 Rd3+ 57. Kc4 Re3 58. Rxe3+ Kxe3 59. a5 e1=Q 60. a6 Qe2+ 61. Kc5 Bf7 62. a7 Qc4+ 0-1

[Event "FIDE WCCC Girls-10 2024"]
[Site "Montesilvano"]
[Date "2024.11.18"]
[Round "3.21"]
[White "Poliak, Margarita"]
[Black "Bhavanya Panchumarthi"]
[Result "0-1"]
[ECO "B72"]
[WhiteElo "1514"]
[BlackElo "1703"]
[PlyCount "90"]
[EventDate "2024.11.18"]
[EventType "swiss"]
[EventCountry "ITA"]
[TimeControl "5400+30"]

1. e4 c5 2. Nf3 d6 3. d4 cxd4 4. Nxd4 Nf6 5. Nc3 g6 6. Be3 Nc6 7. Qd2 Ng4 8. Nxc6 bxc6 9. Bd4 e5 10. Be3 Nxe3 11. Qxe3 Be6 12. Rd1 Qc7 13. Be2 Bg7 14. O-O O-O 15. b3 Rad8 16. Bf3 f5 17. Qc1 Qa5 18. Qd2 fxe4 19. Nxe4 Qxd2 20. Rxd2 d5 21. Nc5 Bf5 22. g4 Bc8 23. Kg2 e4 24. Be2 Bc3 25. Rdd1 Bb4 26. Na4 d4 27. f3 e3 28. Nb2 Kh8 29. Na4 c5 30. Ra1 Ba3 31. Rab1 Bd7 32. Nb2 a5 33. Rfd1 Bb4 34. Rf1 Bc6 35. a4 Bb7 36. Nd1 Rf6 37. Nb2 Rdf8 38. Rbd1 Bc3 39. Rb1 Re8 40. Nd1 Bd2 41. Nb2 Bb4 42. Rbd1 Ba6 43. Bxa6 Rxa6 44. Nd3 e2 45. Rfe1 exd1=Q 0-1